[Event "fics rated crazyhouse match"]
[Site "fics, Oklahoma City, OK USA"]
[Date "2000.02.16"]
[White "LINDEGREN"]
[WhiteElo "2334"]
[Black "pminear"]
[BlackElo "2457"]
[TimeControl "120+0"]
[Result "1-0"]

1. e4 e5 2. Nf3 Nc6 3. d4 exd4 4. Nxd4 Nf6 5. Nxc6 bxc6 6. Bd3 
N@c5 7. Nc3 P@d4 8. Ne2 Ncxe4 9. Nxd4 Bc5 10. Be3 P@f4 11. N@f5 fxe3 
12. fxe3 Rg8 13. O-O B@g4 14. Be2 Bxf5 15. Nxf5 d5 16. P@d4 Bf8 17. P@e5 
Bxf5 18. Rxf5 N@h4 19. B@g4 Nxg4 20. Bxg4 Nxf5 21. Bxf5 B@f2+ 22. Kf1 N@g3+ 
23. hxg3 Nxg3+ 24. Kxf2 Nxf5 25. B@f4 B@g5 26. P@d7+ Kxd7 27. e6+ fxe6 28. N@e5+ 
Ke8 29. B@f7+ Ke7 30. Bxg5+ P@f6 31. Nxc6+ Kd6 32. Nxd8 P@g3+ 33. Ke2 R@f2+ 
34. Ke1 P@d2+ 35. Qxd2 Rxd2 36. Q@c6+ Ke7 37. Qe8+ Kd6 38. B@c5# 
{pminear checkmated} 1-0

[Event "fics rated crazyhouse match"]
[Site "fics, Oklahoma City, OK USA"]
[Date "2000.02.16"]
[White "pminear"]
[WhiteElo "2446"]
[Black "LINDEGREN"]
[BlackElo "2345"]
[TimeControl "120+0"]
[Result "1-0"]

1. e4 e6 2. Nc3 b6 3. d4 Bb7 4. Bd3 Bb4 5. Qg4 Qf6 6. Nf3 
h5 7. Qg3 h4 8. Qxc7 Ne7 9. Qxb7 O-O 10. Qxa8 Bxc3+ 11. bxc3 h3 
12. Rg1 hxg2 13. e5 Qf5 14. Bxf5 Nxf5 15. Rxg2 N@h4 16. Nxh4 
{LINDEGREN resigns} 1-0

[Event "fics rated crazyhouse match"]
[Site "fics, Oklahoma City, OK USA"]
[Date "2000.02.16"]
[White "LINDEGREN"]
[WhiteElo "2339"]
[Black "pminear"]
[BlackElo "2452"]
[TimeControl "120+0"]
[Result "0-1"]

1. e4 e5 2. Nf3 Nc6 3. d4 exd4 4. Nxd4 Nf6 5. Nxc6 bxc6 6. Bd3 
P@c4 7. O-O cxd3 8. cxd3 B@b6 9. Be3 N@g4 10. Bxb6 axb6 11. N@f5 d5 
12. B@f3 Ne5 13. P@h6 Bxf5 14. exf5 Nxf3+ 15. Qxf3 B@g4 16. Re1+ Be7 17. Qg3 
gxh6 18. N@g7+ Kf8 19. Ne6+ fxe6 20. Rxe6 Rg8 21. P@g6 Bxf5 22. Rxf6+ Bxf6 
23. Nc3 Rxg6 24. Qf3 N@d4 25. Qe3 Rxg2+ 26. Kh1 Rxh2+ 27. Kxh2 N@g4+ 28. Kh1 
P@g2+ 29. Kg1 P@h2# 
{LINDEGREN resigns} 0-1

[Event "fics rated crazyhouse match"]
[Site "fics, Oklahoma City, OK USA"]
[Date "2000.02.16"]
[White "pminear"]
[WhiteElo "2458"]
[Black "LINDEGREN"]
[BlackElo "2333"]
[TimeControl "120+0"]
[Result "1-0"]

1. e4 e6 2. Nc3 b6 3. d4 Bb7 4. Bd3 Nf6 5. Bg5 Be7 6. Nf3 
d5 7. Bxf6 Bxf6 8. e5 Be7 9. N@h5 Bf8 10. Bb5+ c6 11. Be2 B@e4 
12. Nxe4 dxe4 13. B@f6 Qc7 14. Bxg7 exf3 15. Bxh8 N@d5 16. Bxf3 Nd7 17. Bxd5 
O-O-O 18. P@d6 Bxd6 19. exd6 Qxd6 20. B@e5 Nxe5 21. Bxe5 Qxe5+ 22. dxe5 B@b4+ 
23. P@c3 Rxd5 24. cxb4 Rxd1+ 25. Rxd1 Q@e4+ 26. R@e3 Qxe3+ 27. fxe3 P@f2+ 28. Ke2 
B@b5+ 29. B@d3 Bxd3+ 30. cxd3 R@e1+ 31. Rhxe1 fxe1=Q+ 32. Rxe1 B@g4+ 33. B@f3 Bxf3+ 
34. gxf3 R@g2+ 35. P@f2 B@e7 36. R@c7+ Kxc7 37. B@d6# 
{LINDEGREN forfeits on time} 1-0

[Event "fics rated crazyhouse match"]
[Site "fics, Oklahoma City, OK USA"]
[Date "2000.02.16"]
[White "LINDEGREN"]
[WhiteElo "2328"]
[Black "pminear"]
[BlackElo "2463"]
[TimeControl "120+0"]
[Result "0-1"]

1. e4 e5 2. Nf3 Nc6 3. d4 exd4 4. Nxd4 Nf6 5. Nxc6 bxc6 6. e5 
Nd5 7. Bd3 d6 8. exd6 cxd6 9. Qe2+ Qe7 10. Qxe7+ Bxe7 11. N@h5 Q@e5+ 
12. Q@e2 P@e3 13. fxe3 N@g4 14. Nxg7+ Qxg7 15. O-O P@f2+ 16. Rxf2 Nxf2 17. Qxf2 
N@h3+ 18. Kf1 Nxf2 19. N@h5 Qxg2# 
{LINDEGREN resigns} 0-1

[Event "fics rated crazyhouse match"]
[Site "fics, Oklahoma City, OK USA"]
[Date "2000.02.16"]
[White "pminear"]
[WhiteElo "2468"]
[Black "LINDEGREN"]
[BlackElo "2323"]
[TimeControl "120+0"]
[Result "1-0"]

1. e4 e6 2. Nc3 Nf6 3. e5 Nd5 4. Nf3 d6 5. d4 Nc6 6. Nxd5 
exd5 7. Bb5 Bd7 8. Qe2 N@e4 9. exd6 Bxd6 10. P@d3 P@f5 11. dxe4 fxe4 
12. Bxc6 bxc6 13. Ne5 Bxe5 14. dxe5 N@d4 15. N@h5 Rg8 16. N@f6+ gxf6 17. Nxf6+ 
Qxf6 18. exf6 B@b4+ 19. B@c3 Nxe2 20. Bxb4 N@f3+ 21. gxf3 N@g2+ 22. Kd1 Nc3+ 
23. Bxc3 P@e2+ 24. Kd2 Q@e6 25. B@h6 e3+ 26. Bxe3 Nxe3 27. fxe3 B@g5 28. N@g4 
Bxe3+ 29. Nxe3 P@f4 30. N@f5 fxe3+ 31. Nxe3 N@f1+ 32. Kxe2 Nxe3 33. Bxe3 N@f4+ 
34. Kd2 Rg2+ 35. P@f2 Rxf2+ 36. Bxf2 Qe2+ 37. Kc1 P@d2+ 38. Bxd2 Qe6 39. N@g7+ 
Kd8 40. Nxe6+ Nxe6 41. P@e7+ Kc8 42. B@a6+ Kb8 43. Q@b7# 
{LINDEGREN checkmated} 1-0

[Event "fics rated crazyhouse match"]
[Site "fics, Oklahoma City, OK USA"]
[Date "2000.02.16"]
[White "LINDEGREN"]
[WhiteElo "2318"]
[Black "pminear"]
[BlackElo "2473"]
[TimeControl "120+0"]
[Result "0-1"]

1. e4 e5 2. Nc3 Nc6 3. Nf3 Bc5 4. Bc4 Nf6 5. O-O d6 6. d3 
Bg4 7. Be3 Nd4 8. Bxd4 Bxd4 9. h3 Bxf3 10. Qxf3 B@h5 11. g4 Bg6 
12. N@f5 Bxf5 13. exf5 c6 14. B@h4 h6 15. Bxf7+ Kxf7 16. B@e6+ Kf8 17. Bxf6 
gxf6 18. N@g6+ Kg7 19. Nxh8 Kxh8 20. P@f7 N@g5 21. R@g8+ Qxg8 22. fxg8=Q+ Rxg8 
23. Qg2 N@f3+ 24. Kh1 R@h2+ 25. Qxh2 Nxh2 26. R@g2 B@f3 27. Kxh2 Bxg2 28. N@g6+ 
Rxg6 29. Q@f8+ B@g8 
{LINDEGREN resigns} 0-1

[Event "fics rated crazyhouse match"]
[Site "fics, Oklahoma City, OK USA"]
[Date "2000.02.16"]
[White "pminear"]
[WhiteElo "2478"]
[Black "LINDEGREN"]
[BlackElo "2313"]
[TimeControl "120+0"]
[Result "1-0"]

1. e4 e6 2. Nc3 Nf6 3. e5 Nd5 4. Nxd5 exd5 5. Nf3 d6 6. d4 
c6 7. Be2 Be6 8. exd6 Bxd6 9. P@e5 Bb4+ 10. Bd2 Bxd2+ 11. Qxd2 B@e7 
12. B@d6 Bxd6 13. exd6 Qxd6 14. B@e5 Qd7 15. Bxg7 N@e4 16. Bxh8 B@e7 17. R@g8+ 
Bf8 18. P@g7 
{LINDEGREN resigns} 1-0

[Event "fics rated crazyhouse match"]
[Site "fics, Oklahoma City, OK USA"]
[Date "2000.02.16"]
[White "LINDEGREN"]
[WhiteElo "2309"]
[Black "pminear"]
[BlackElo "2482"]
[TimeControl "120+0"]
[Result "1-0"]

1. e4 e5 2. Nc3 Nc6 3. Nf3 Bc5 4. Bc4 Nf6 5. O-O d6 6. Bxf7+ 
Kxf7 7. Ng5+ Kf8 8. d3 B@h5 9. Qe1 h6 10. Nd5 Nxd5 11. exd5 hxg5 
12. dxc6 bxc6 13. N@g3 Bf7 14. Be3 P@h3 15. Bxc5 hxg2 16. B@e4 gxf1=Q+ 17. Qxf1 
dxc5 18. P@g6 N@h3+ 19. Kh1 R@g1+ 20. Qxg1 Nxg1 21. N@h7+ Ke7 22. gxf7 B@d5 
23. B@g2 P@h3 24. Rxg1 hxg2+ 25. Rxg2 Bxe4 26. Nxe4 B@g6 27. R@e8+ Rxe8 28. fxe8=Q+ 
Qxe8 29. B@f8+ Kd8 30. P@e7+ Kd7 31. R@d8+ Ke6 32. Nhxg5+ Kf5 33. P@g4+ Kf4 
34. N@h3# 
{pminear checkmated} 1-0

[Event "fics rated crazyhouse match"]
[Site "fics, Oklahoma City, OK USA"]
[Date "2000.02.16"]
[White "pminear"]
[WhiteElo "2470"]
[Black "LINDEGREN"]
[BlackElo "2321"]
[TimeControl "120+0"]
[Result "1-0"]

1. e4 Nf6 2. Nc3 e6 3. e5 Nd5 4. Nxd5 exd5 5. Nf3 d6 6. d4 
Nc6 7. Bb5 Bd7 8. Qe2 N@e4 9. exd6 Bxd6 10. P@d3 P@f5 11. dxe4 fxe4 
12. Bxc6 bxc6 13. Ne5 Bxe5 14. dxe5 N@d4 15. N@h5 Rg8 16. N@f6+ gxf6 17. Nxf6+ 
Qxf6 18. exf6 B@b4+ 19. B@c3 Nxe2 20. Bxb4 N@f3+ 21. gxf3 N@g2+ 22. Kd1 Nc3+ 
23. Bxc3 P@e2+ 24. Kd2 Q@e6 25. B@h6 e3+ 26. fxe3 e1=Q+ 27. Rxe1 Nxe1 28. N@g7+ 
Rxg7 29. Q@f8+ Kxf8 30. Bxg7# 
{LINDEGREN resigns} 1-0

[Event "fics rated crazyhouse match"]
[Site "fics, Oklahoma City, OK USA"]
[Date "2000.02.16"]
[White "LINDEGREN"]
[WhiteElo "2316"]
[Black "pminear"]
[BlackElo "2475"]
[TimeControl "120+0"]
[Result "1-0"]

1. e4 e5 2. Nf3 Nc6 3. Bc4 Bc5 4. O-O Nf6 5. Nc3 d6 6. h3 
h6 7. Na4 Nd4 8. Nxc5 Nxf3+ 9. Qxf3 dxc5 10. Bxf7+ Kxf7 11. B@h5+ g6 
12. Bxg6+ Kxg6 13. P@f5+ Kg7 14. d4 cxd4 15. P@g5 hxg5 16. Bxg5 B@h5 17. P@g4 
Bf7 18. N@h5+ Bxh5 19. gxh5 B@f7 20. h6+ Kg8 21. Bxf6 Qxf6 22. B@g7 N@g5 
23. Qg4 Qxg7 24. hxg7 Kxg7 25. Qxg5+ P@g6 26. f6# 
{pminear resigns} 1-0

[Event "fics rated crazyhouse match"]
[Site "fics, Oklahoma City, OK USA"]
[Date "2000.02.16"]
[White "pminear"]
[WhiteElo "2464"]
[Black "LINDEGREN"]
[BlackElo "2327"]
[TimeControl "120+0"]
[Result "1-0"]

1. e4 e6 2. Nc3 Nf6 3. e5 Nd5 4. Nxd5 exd5 5. Nf3 d6 6. d4 
Nc6 7. Bb5 Bd7 8. Qe2 N@e4 9. exd6 Bxd6 10. P@d3 P@f5 11. dxe4 dxe4 
12. Bxc6 Bxc6 13. Ne5 Bxe5 14. dxe5 P@d3 15. Qh5 dxc2 16. Bg5 P@d2+ 17. Bxd2 
N@d3+ 18. Kf1 Nxb2 19. B@g5 Qd7 20. N@c5 Qd5 21. e6 B@c4+ 22. Kg1 Rf8 
23. P@d7+ Bxd7 24. exd7+ Qxd7 25. Nxd7 P@f6 26. Nxf8 Kxf8 27. Bb4+ P@d6 28. Q@h8+ 
Ke7 29. Qxa8 P@f3 30. R@e8+ Kd7 31. Qd8+ Kc6 32. N@d4# 
{LINDEGREN forfeits on time} 1-0

[Event "fics rated crazyhouse match"]
[Site "fics, Oklahoma City, OK USA"]
[Date "2000.02.16"]
[White "LINDEGREN"]
[WhiteElo "2322"]
[Black "pminear"]
[BlackElo "2469"]
[TimeControl "120+0"]
[Result "0-1"]

1. e4 e5 2. Nf3 Nc6 3. Bb5 Bc5 4. Bxc6 dxc6 5. Nxe5 Bxf2+ 6. Kxf2 
B@d4+ 7. P@e3 Bxe5 8. d4 Bf6 9. Rf1 P@h3 10. B@f5 Bxf5 11. exf5 N@e4+ 
12. Kg1 hxg2 13. Kxg2 h5 14. P@e6 Nh6 15. exf7+ Nxf7 16. B@g6 B@g4 17. P@f3 
P@h3+ 18. Kg1 P@f2+ 19. Rxf2 Nxf2 20. Bxf7+ Kxf7 21. P@e6+ Kg8 22. Kxf2 R@g2+ 
23. Kf1 Rxh2 24. fxg4 P@e2+ 25. Qxe2 Rxe2 26. P@f7+ Kh7 27. B@g6+ Kh6 28. N@g8+ 
Kg5 29. e4+ Kxg4 30. Kxe2 B@f3+ 31. Kd2 Qxd4+ 32. N@d3 Q@d1# 
{LINDEGREN checkmated} 0-1

[Event "fics rated crazyhouse match"]
[Site "fics, Oklahoma City, OK USA"]
[Date "2000.02.16"]
[White "pminear"]
[WhiteElo "2474"]
[Black "LINDEGREN"]
[BlackElo "2317"]
[TimeControl "120+0"]
[Result "1-0"]

1. e4 e6 2. Nc3 d5 3. exd5 exd5 4. Bb5+ Nc6 5. Qe2+ P@e6 6. Nf3 
Nf6 7. Ne5 Bd7 8. Bxc6 bxc6 9. Nxf7 Kxf7 10. N@e5+ Ke7 11. P@g5 Ne8 
12. P@g6 B@d6 13. Nf7 hxg6 14. Nxh8 Nf6 15. gxf6+ gxf6 16. Nxg6+ Ke8 17. P@f7+ 
Kxf7 18. N@h8+ Kg8 19. Nxd5 P@f7 20. P@h7+ Kxh7 21. Qh5+ P@h6 22. Nxf7 exd5 
23. R@h8+ Kg7 24. Nxd8 Rxd8 25. Q@h7# 
{LINDEGREN checkmated} 1-0

[Event "fics rated crazyhouse match"]
[Site "fics, Oklahoma City, OK USA"]
[Date "2000.02.16"]
[White "LINDEGREN"]
[WhiteElo "2312"]
[Black "pminear"]
[BlackElo "2479"]
[TimeControl "120+0"]
[Result "0-1"]

1. e4 e5 2. Nc3 Nc6 3. Nf3 Bc5 4. Bb5 Nf6 5. O-O d6 6. Bxc6+ 
bxc6 7. Ng5 B@h5 8. Qe1 h6 9. d3 hxg5 10. Bxg5 Bh3 11. N@f5 Bxg2 
12. Kxg2 P@f3+ 13. Kh1 Nxe4 14. Nxg7+ Kf8 15. P@e7+ Kxg7 16. P@f6+ Kh7 17. Qxe4+ 
N@g6 18. Rg1 N@h3 19. B@e3 Bxe3 20. Bxe3 P@g2+ 21. Rxg2 fxg2+ 22. Qxg2 B@f3 
23. N@g5+ Nxg5 
{LINDEGREN forfeits on time} 0-1

[Event "fics rated crazyhouse match"]
[Site "fics, Oklahoma City, OK USA"]
[Date "2000.02.16"]
[White "pminear"]
[WhiteElo "2483"]
[Black "LINDEGREN"]
[BlackElo "2308"]
[TimeControl "120+0"]
[Result "0-1"]

1. e4 e6 2. Nc3 Nf6 3. e5 Nd5 4. Ne4 Nc6 5. Nf3 d6 6. d4 
dxe5 7. Nxe5 P@f6 8. Nxc6 bxc6 9. Be2 N@f4 10. Bf3 Bb4+ 11. c3 Bd6 
12. O-O f5 13. Nxd6+ cxd6 14. B@g3 e5 15. dxe5 dxe5 16. Bgxf4 exf4 17. Bxd5 
cxd5 18. Bxf4 O-O 19. P@h6 B@f6 20. P@g5 Bxg5 21. hxg7 Bxf4 22. gxf8=Q+ Kxf8 
23. N@h5 B@h6 24. P@f6 B@d6 25. Nxf4 Bhxf4 26. P@g7+ Ke8 27. g8=Q+ N@f8 28. N@g7+ 
Kd7 29. Qxf7+ P@e7 30. Qdxd5 Bxh2+ 31. Kh1 P@c6 32. N@c5+ Kc7 33. B@a5+ P@b6 
34. Na6+ Bxa6 35. Ne6+ Nxe6 36. Qdxe6 N@c5 
{pminear forfeits on time} 0-1

[Event "fics rated crazyhouse match"]
[Site "fics, Oklahoma City, OK USA"]
[Date "2000.02.16"]
[White "LINDEGREN"]
[WhiteElo "2320"]
[Black "pminear"]
[BlackElo "2471"]
[TimeControl "120+0"]
[Result "0-1"]

1. e4 e5 2. Nf3 Nc6 3. Bc4 Bc5 4. O-O Nf6 5. c3 Nxe4 6. d4 
d5 7. Bb5 exd4 8. Nxd4 Bxd4 9. Qxd4 N@e2+ 10. Bxe2 Nxd4 11. cxd4 P@h3 
12. B@f3 hxg2 13. Bxg2 P@h3 14. Bxh3 Bxh3 15. N@f4 P@g2 16. Nxg2 Bxg2 17. N@g3 
Nxg3 18. fxg3 Q@h1+ 19. Kf2 N@e4+ 20. Ke1 N@f3+ 21. Kd1 Bxf1 
{LINDEGREN resigns} 0-1

[Event "fics rated crazyhouse match"]
[Site "fics, Oklahoma City, OK USA"]
[Date "2000.02.16"]
[White "pminear"]
[WhiteElo "2476"]
[Black "LINDEGREN"]
[BlackElo "2315"]
[TimeControl "120+0"]
[Result "1-0"]

1. e4 e6 2. Nc3 d6 3. d4 Nc6 4. Nf3 Nf6 5. d5 Be7 6. dxc6 
bxc6 7. Nd4 Bd7 8. Be2 P@b4 9. Bf3 bxc3 10. bxc3 N@h4 11. P@g5 e5 
12. gxf6 Bxf6 13. Nb3 Nxf3+ 14. Qxf3 B@g4 15. Qd3 P@h3 16. gxh3 Bxh3 17. Rg1 
P@d4 18. N@h5 dxc3 19. Qxc3 P@g2 20. Nxf6+ Qxf6 21. P@f5 Bdxf5 22. exf5 Qxf5 
23. P@e2 Qd7 24. N@h5 P@f6 25. B@b7 O-O 26. Bxc6 Qe6 27. Bxa8 N@b5 28. P@h6 
gxh6 29. Bxh6 Nxc3 30. R@h8+ Kxh8 31. P@g7+ Kg8 32. gxf8=Q# 
{LINDEGREN checkmated} 1-0

[Event "fics rated crazyhouse match"]
[Site "fics, Oklahoma City, OK USA"]
[Date "2000.02.16"]
[White "LINDEGREN"]
[WhiteElo "2310"]
[Black "pminear"]
[BlackElo "2481"]
[TimeControl "120+0"]
[Result "0-1"]

1. e4 e5 2. f3 Nc6 3. c3 Bc5 4. Nh3 Nf6 5. Nf2 d5 6. Bb5 
Bxf2+ 7. Kxf2 dxe4 8. Re1 N@d3+ 9. Bxd3 exd3 10. B@c4 P@c2 11. Bxf7+ Kxf7 
12. N@g5+ Kf8 
{LINDEGREN resigns} 0-1

[Event "fics rated crazyhouse match"]
[Site "fics, Oklahoma City, OK USA"]
[Date "2000.02.16"]
[White "pminear"]
[WhiteElo "2485"]
[Black "LINDEGREN"]
[BlackElo "2306"]
[TimeControl "120+0"]
[Result "0-1"]

1. e4 d6 2. d4 Nc6 3. d5 Ne5 4. Nf3 Ng6 5. Nc3 Nf6 6. Bb5+ 
Bd7 7. Bxd7+ Qxd7 8. Nd4 e6 9. dxe6 fxe6 10. B@h3 P@f7 11. P@f5 exf5 
12. exf5 Ne5 13. P@e6 Qe7 14. exf7+ Nxf7+ 15. P@e6 Ne5 16. Bg5 B@b6 17. Bxf6 
Qxf6 18. Nd5 Qg5 19. Nxb6 axb6 20. B@d7+ Kd8 21. N@f7+ Nxf7 22. exf7 P@d2+ 
23. Kf1 B@c4+ 24. Kg1 Kxd7 25. f6+ P@e6 26. Qf3 N@e5 27. Qxb7 B@c6 28. Qxc6+ 
Nxc6 29. B@e8+ Rxe8 30. fxe8=Q+ Kxe8 31. f7+ Kxf7 32. R@f3+ Ke8 33. g3 Kd7 
{pminear forfeits on time} 0-1

[Event "fics rated crazyhouse match"]
[Site "fics, Oklahoma City, OK USA"]
[Date "2000.02.16"]
[White "LINDEGREN"]
[WhiteElo "2318"]
[Black "pminear"]
[BlackElo "2473"]
[TimeControl "120+0"]
[Result "0-1"]

1. e4 e5 2. Nf3 Nc6 3. Bc4 Bc5 4. O-O Nf6 5. c3 Nxe4 6. d4 
d5 7. dxc5 dxc4 8. Qxd8+ Kxd8 9. B@h4+ P@f6 10. Nbd2 Nxc5 11. Nxc4 B@e2 
12. Q@d2+ P@d3 13. Ncxe5 Nxe5 14. Nxe5 Bxf1 15. Nxf7+ Ke7 16. N@f4 Bxg2 
{LINDEGREN resigns} 0-1

[Event "fics rated crazyhouse match"]
[Site "fics, Oklahoma City, OK USA"]
[Date "2000.02.16"]
[White "pminear"]
[WhiteElo "2478"]
[Black "LINDEGREN"]
[BlackElo "2313"]
[TimeControl "120+0"]
[Result "1-0"]

1. e4 e6 2. Nc3 Nc6 3. d4 Bb4 4. a3 Bxc3+ 5. bxc3 Nf6 6. e5 
Ne4 7. Qg4 N@g5 8. h4 h5 9. hxg5 d5 10. Rxh5 Rxh5 11. Qxh5 R@f8 
12. g6 fxg6 13. Qxg6+ P@f7 14. Qxg7 Qe7 15. Bh6 Nxc3 16. N@f6+ Kd8 17. B@c5 
P@d6 18. Qxf8+ Qxf8 19. Bxf8 Bd7 20. P@e7+ Nxe7 21. Bxe7+ Kxe7 22. exd6+ cxd6 
23. Bxd6+ Kxd6 24. Q@c5# 
{LINDEGREN checkmated} 1-0

[Event "fics rated crazyhouse match"]
[Site "fics, Oklahoma City, OK USA"]
[Date "2000.02.16"]
[White "LINDEGREN"]
[WhiteElo "2309"]
[Black "pminear"]
[BlackElo "2482"]
[TimeControl "120+0"]
[Result "1-0"]

1. e4 e5 2. Nc3 Nc6 3. Nf3 Bc5 4. Bb5 Nf6 5. O-O d6 6. d3 
Bg4 7. Bg5 h6 8. Be3 O-O 9. Bxc6 bxc6 10. N@f5 Bxf5 11. exf5 B@h5 
12. B@e2 Bxe3 13. fxe3 Ng4 14. B@d2 B@b6 15. d4 exd4 16. Nxd4 Bxd4 17. Bxg4 
Bxg4 18. Qxg4 Bf6 19. P@g6 N@e5 20. gxf7+ Rxf7 21. Qe2 B@g4 22. B@f3 Bxf5 
23. Ne4 Nxf3+ 24. gxf3 B@h3 25. P@g2 Bxe4 26. fxe4 Bd7 27. B@g6 Rf8 28. Bc3 
N@e5 29. Bxe5 dxe5 30. N@f5 B@e6 31. N@g4 P@h7 32. Nxf6+ Rxf6 33. Bxh7+ Kxh7 
34. N@g4 Rxf5 35. exf5 Bxf5 36. B@d3 B@g6 37. e4 Bxg4 38. P@f3 N@f4 39. Qd2 
Nxd3 40. cxd3 B@c5+ 41. Kh1 P@e3 42. Qe2 N@f2+ 43. Rxf2 exf2 44. N@e3 R@g1+ 
45. Rxg1 fxg1=Q+ 46. Kxg1 Bxe3+ 47. Qxe3 P@f4 48. Qe2 N@e3 49. R@e1 P@f2+ 50. Qxf2 
N@d1 51. Qe2 N@h3+ 52. gxh3 Bxh3 53. P@g2 P@f2+ 54. Qxf2 Nxf2 55. Kxf2 Bxg2 
56. N@g5+ Qxg5 57. B@g8# 
{pminear forfeits on time} 1-0

[Event "fics rated crazyhouse match"]
[Site "fics, Oklahoma City, OK USA"]
[Date "2000.02.16"]
[White "pminear"]
[WhiteElo "2470"]
[Black "LINDEGREN"]
[BlackElo "2321"]
[TimeControl "120+0"]
[Result "1-0"]

1. e4 Nf6 2. Nc3 e6 3. e5 Nd5 4. Nxd5 exd5 5. Nf3 d6 6. d4 
Be7 7. N@h5 Rg8 8. Nxg7+ Rxg7 9. P@f6 Bxf6 10. exf6 Qxf6 11. Bb5+ Nc6 
12. Bxc6+ bxc6 13. Qe2+ B@e4 14. N@h5 Qg6 15. Nxg7+ Qxg7 16. Bg5 P@f6 17. B@h6 
Qg6 18. R@f8+ Kd7 19. Bxf6 Qxf6 20. Bg5 B@a5+ 21. P@c3 P@d2+ 22. Qxd2 Bxf3 
23. Bxf6 
{LINDEGREN resigns} 1-0

[Event "fics rated crazyhouse match"]
[Site "fics, Oklahoma City, OK USA"]
[Date "2000.02.16"]
[White "LINDEGREN"]
[WhiteElo "2316"]
[Black "pminear"]
[BlackElo "2475"]
[TimeControl "120+0"]
[Result "0-1"]

1. e4 e5 2. Nf3 Nc6 3. Bc4 Bc5 4. O-O Nf6 5. d3 d5 6. exd5 
Nxd5 7. Bxd5 Qxd5 8. Nc3 Qd8 9. Ne4 Be7 10. N@h5 Rg8 11. Bg5 Bg4 
12. Bxe7 Qxe7 13. Nhg3 Bxf3 14. Qxf3 Nd4 15. Qg4 B@d7 16. B@f5 Nxf5 17. Nxf5 
Bxf5 18. Qxf5 B@g6 19. P@d7+ Kd8 20. B@g5 P@f6 21. Bxf6 gxf6 22. P@d6 Qxd6 
23. Nxd6 Bxf5 24. Q@c8+ Rxc8 25. dxc8=Q+ Bxc8 26. Nxf7+ Ke7 27. N@d5+ Kxf7 28. R@e7+ 
Kf8 29. B@h6+ P@g7 30. Be3 P@h3 31. P@f7 Rh8 32. Re8+ Kxf7 33. Rxh8 N@f3+ 
34. Kh1 hxg2+ 35. Kxg2 N@h4+ 36. Kg3 Q@g4# 
{LINDEGREN checkmated} 0-1

[Event "fics rated crazyhouse match"]
[Site "fics, Oklahoma City, OK USA"]
[Date "2000.02.16"]
[White "pminear"]
[WhiteElo "2480"]
[Black "LINDEGREN"]
[BlackElo "2311"]
[TimeControl "120+0"]
[Result "1-0"]

1. e4 Nf6 2. Nc3 Nc6 3. d4 e6 4. e5 Nd5 5. Nxd5 exd5 6. Nf3 
Bb4+ 7. c3 Be7 8. N@f5 Rg8 9. Bb5 d6 10. Nxe7 Qxe7 11. Bxc6+ bxc6 
12. Qe2 N@e4 13. B@g5 f6 14. exf6 gxf6 15. N@h6 Rf8 16. P@f7+ Kd8 17. Bxf6 
Qxf6 18. Bg5 P@d2+ 19. Kf1 Nxg5 20. P@e7+ Qxe7 21. Qxe7+ Kxe7 22. Ng8+ Rxg8 
23. fxg8=N+ Kf7 24. Nxg5# 
{LINDEGREN resigns} 1-0

[Event "fics rated crazyhouse match"]
[Site "fics, Oklahoma City, OK USA"]
[Date "2000.02.16"]
[White "OhHhBeHaVe"]
[WhiteElo "2088"]
[Black "Thufir"]
[BlackElo "2332"]
[TimeControl "60+0"]
[Result "1-0"]

1. e4 e6 2. d4 Nc6 3. d5 exd5 4. exd5 Qe7+ 5. Qe2 Ne5 6. P@f4 
Ng6 7. Qxe7+ N8xe7 8. Nc3 P@d4 9. Ne4 Nxd5 10. Bc4 Ngxf4 11. Bxf4 Nxf4 
12. Bxf7+ Kxf7 13. Ng5+ Ke7 14. N@f5+ Kf6 15. Q@f7+ Kxg5 16. h4+ Kg4 17. P@f3# 
{Thufir checkmated} 1-0

[Event "fics rated crazyhouse match"]
[Site "fics, Oklahoma City, OK USA"]
[Date "2000.02.16"]
[White "Thufir"]
[WhiteElo "2319"]
[Black "OhHhBeHaVe"]
[BlackElo "2101"]
[TimeControl "60+0"]
[Result "1-0"]

1. e4 e6 2. Nc3 d5 3. d4 dxe4 4. Nxe4 Bd7 5. Ng3 Nc6 6. Nf3 
P@f6 7. Bd3 Bd6 8. O-O Bxg3 9. fxg3 N@b4 10. P@c3 Nxd3 11. cxd3 B@g4 
12. B@e2 Bxf3 13. Bxf3 N@g5 14. Bxg5 fxg5 15. N@h5 B@h6 16. N@g4 Nce7 17. Nxh6 
gxh6 18. Ng7+ Kf8 19. Nh5 N@e8 20. B@e5 f6 21. Bxf6 Nexf6 22. B@g7+ Ke8 
23. Bxf6 Nxf6 24. Nxf6+ Kf8 25. Nxd7+ Qxd7 26. B@g7+ Kxg7 27. N@h5+ Kf7 28. N@e5+ 
Ke8 29. Nxd7 Kxd7 30. P@c6+ bxc6 31. Nf6+ Kc8 32. Q@d7+ Kb8 33. Bxc6 P@b7 
34. Bxb7 Kxb7 35. Qb5+ B@b6 36. P@a6+ Kc8 37. P@b7+ Kd8 38. Qd7# 
{OhHhBeHaVe checkmated} 1-0

[Event "fics rated crazyhouse match"]
[Site "fics, Oklahoma City, OK USA"]
[Date "2000.02.16"]
[White "OhHhBeHaVe"]
[WhiteElo "2097"]
[Black "Thufir"]
[BlackElo "2323"]
[TimeControl "60+0"]
[Result "0-1"]

1. e4 e6 2. d4 Nf6 3. Bg5 Be7 4. Bxf6 Bxf6 5. N@h5 Rg8 6. Nxf6+ 
gxf6 7. e5 fxe5 8. dxe5 P@g7 9. Nf3 B@g4 10. Be2 Nc6 11. B@g5 f6 
12. exf6 gxf6 13. Bh6 N@f5 14. Bd2 P@h3 15. gxh3 Bxh3 16. Bd3 Qe7 17. Qe2 
P@g2 18. Rg1 Ncd4 19. Nxd4 Nxd4 20. Qh5+ Kf8 21. Qxh3 N@f3+ 22. Kd1 Nxg1 
23. B@h6+ Ke8 24. Qh5+ R@g6 25. N@g7+ Rxg7 26. Bxg7 Qxg7 27. P@h6 Qf7 28. P@g7 
B@d6 29. R@h8+ N@g8 30. Bxg6 hxg6 31. R@f8+ Bxf8 32. gxf8=Q+ Qxf8 33. Qxg6+ B@f7 
34. Rxg8 P@e2+ 35. Kc1 R@d1# 
{OhHhBeHaVe checkmated} 0-1

[Event "fics rated crazyhouse match"]
[Site "fics, Oklahoma City, OK USA"]
[Date "2000.02.16"]
[White "Seipman"]
[WhiteElo "2269"]
[Black "roboRPETE"]
[BlackElo "2344"]
[TimeControl "0+1"]
[Result "0-1"]

1. e4 Nf6 2. Nc3 d5 3. exd5 Nxd5 4. d4 Nxc3 5. Nf3 Nxd1 6. Kxd1 
P@e4 7. Nd2 Qxd4 8. P@e3 Qd8 9. Be2 Q@f6 10. N@d4 Qxf2 11. Rf1 Qxe3 
12. c3 P@f2 13. Nc4 P@c2+ 14. Kxc2 Qxe2+ 15. Nxe2 Qd3+ 16. Kb3 B@c2+ 17. Ka3 
N@b5+ 18. Kb4 Nc6+ 19. Kxb5 Qxe2 20. N@d5 N@d6+ 21. Kc5 Qxc4# 
{Seipman checkmated} 0-1

[Event "fics rated crazyhouse match"]
[Site "fics, Oklahoma City, OK USA"]
[Date "2000.02.16"]
[White "roboRPETE"]
[WhiteElo "2350"]
[Black "Seipman"]
[BlackElo "2259"]
[TimeControl "0+1"]
[Result "1-0"]

1. e4 e6 2. d4 Nc6 3. Nc3 Nf6 4. Nf3 Bb4 5. Bd3 d5 6. exd5 
exd5 7. Qe2+ P@e4 8. P@g5 Ng4 9. Bb5 Qe7 10. Nh4 Bxc3+ 11. bxc3 e3 
12. Bxc6+ bxc6 13. Bxe3 Nxe3 14. Qxe3 Qxe3+ 15. fxe3 B@d2+ 16. Kxd2 N@e4+ 17. Kc1 
B@a3+ 18. P@b2 Q@d2+ 19. Kb1 Bxb2 20. Q@e5+ P@e6 21. Qxg7 Nxc3+ 22. Kxb2 Na4+ 
23. Ka3 Rf8 24. N@f6+ Ke7 25. B@b4+ P@d6 26. Bxd2 c5 27. N@c6# 
{Seipman checkmated} 1-0

[Event "fics rated crazyhouse match"]
[Site "fics, Oklahoma City, OK USA"]
[Date "2000.02.16"]
[White "stinker"]
[WhiteElo "2252"]
[Black "Thufir"]
[BlackElo "2326"]
[TimeControl "180+0"]
[Result "0-1"]

1. e4 e6 2. d4 d6 3. Nc3 Nf6 4. Bg5 Be7 5. Nf3 Nc6 6. Bd3 
O-O 7. h3 e5 8. Bxf6 Bxf6 9. d5 Nd4 10. N@g4 Bxg4 11. hxg4 N@f4 
12. B@f1 Nxf3+ 13. Qxf3 N@d4 14. Qd1 B@a5 15. N@f5 Nxf5 16. gxf5 N@h4 17. Qg4 
Bxc3+ 18. bxc3 N@h6 19. Qg3 Nxd3+ 20. Bxd3 B@f4 21. Qh3 c6 22. B@g3 Bxg3 
23. fxg3 B@g4 24. Qh2 cxd5 25. gxh4 dxe4 26. Bxe4 d5 27. Bf3 e4 28. Bxg4 
Nxg4 29. Qg3 P@f2+ 30. Kd1 B@h5 31. B@e2 P@f3 32. gxf3 Ne3+ 33. Kc1 Bxc3 
34. P@b2 P@d2+ 35. Kb1 exf3 36. N@h6+ Kh8 37. B@e5 Bxe5 38. Qxe5 B@f6 39. Qxe3 
fxe2 40. Qxd2 e1=Q+ 41. Rxe1 fxe1=Q+ 42. Qxe1 gxh6 43. P@g5 N@a3+ 44. Kc1 B@f4+ 
45. P@d2 hxg5 46. P@h6 P@g7 47. hxg5 B4xg5 48. B@e3 Bxe3 49. dxe3 Nc4 50. hxg7+ 
Bxg7 51. B@c3 Bxc3 52. Qxc3+ B@f6 53. P@g7+ Bxg7 54. Qxg7+ Kxg7 
{stinker forfeits on time} 0-1